 Dungeon Crawl Stone Soup version 0.28.0 (webtiles) character file.

Game seed: 12566413965744150064

506 AmazingTV the Skirmisher (level 6, 0/52 (57) HPs)
             Began as a Minotaur Fighter on July 13, 2022.
             Was a Follower of Okawaru.
             Slain by a wight (5 damage)
             ... on level 5 of the Dungeon.
             The game lasted 00:07:35 (4275 turns).

AmazingTV the Skirmisher (Minotaur Fighter)         Turns: 4275, Time: 00:07:36

HP:   0/52 (57)     AC:  7    Str: 23    XL:     6   Next: 97%
MP:   5/5           EV:  9    Int:  5    God:    Okawaru [*.....]
Gold: 121           SH:  5    Dex:  9    Spells: 5/5 levels left

rFire   . . .      SeeInvis .   a - +2 hand axe (freeze) {axe}
rCold   . . .      Faith    .   c - +0 buckler
rNeg    . . .      Spirit   .   x - +0 scale mail
rPois   .          Reflect  .   (helmet restricted)
rElec   .          Harm     .   (no cloak)
rCorr   +          Rampage  .   (no gloves)
Will    .....                   (no boots)
Stlth   ..........              (no amulet)
HPRegen 0.17/turn               r - ring of resist corrosion
MPRegen 0.09/turn               (no ring)

@: drained
A: horns 2, retaliatory headbutt
a: Renounce Religion, Heroism


You were on level 5 of the Dungeon.
You worshipped Okawaru.
Okawaru was aware of your devotion.
You visited 2 branches of the dungeon, and saw 6 of its levels.

You collected 121 gold pieces.


Innate Abilities, Weirdness & Mutations

You have a pair of horns on your head.
You reflexively headbutt those who attack you in melee.


   Skills:
 + Level 5.7 Fighting
 + Level 5.0 Axes
 + Level 5.6 Armour
 + Level 5.6 Shields


You had 5 spell levels left.
You didn't know any spells.
Your spell library contained the following spells:

 Spells                   Type           Power      Damage    Failure   Level
 Freeze                   Ice            0%         1d3       85%         1
 Pain                     Necr           0%         1d4       85%         1
 Static Discharge         Conj/Air       0%         N/A       94%         2
 Conjure Flame            Conj/Fire      0%         6-21      99%         3
 Frozen Ramparts          Ice            0%         1d2       99%         3
 Ignite Poison            Fire/Tmut/Pois 0%         N/A       99%         3
 Vampiric Draining        Necr           0%         2d6       99%         3
 Hailstorm                Conj/Ice       0%         3d3       100%        4
 Sticky Flame             Conj/Fire      0%         2d3       100%        4
 Lightning Bolt           Conj/Air       0%         1d11      100%        5
 Maxwell's Capacitive Co  Air            0%         ∞         100%        8
 Animate Skeleton         Necr           Unusable   N/A       N/A         1

Inventory:

Hand Weapons
 a - a +2 hand axe of freezing (weapon) {axe}
   (You found it on level 1 of the Dungeon)
 b - a +0 hunting sling {sling}
   (You found it on level 4 of the Dungeon)
 f - a +0 war axe {axe}
Missiles
 g - 69 arrows
 k - 25 bolts
 l - 49 sling bullets
 m - 84 stones (quivered)
 o - 6 poisoned darts
Armour
 c - a +0 buckler (worn)
 x - a +0 scale mail (worn)
Jewellery
 r - a ring of resist corrosion (left hand)
   (You found it on level 2 of the Dungeon)
Wands
 t - a wand of paralysis (10)
   (You found it on level 3 of the Dungeon)
Scrolls
 e - 5 scrolls of identify {unknown}
 p - a scroll of vulnerability {unknown}
 s - 2 scrolls of fear {unknown}
 v - 4 scrolls of teleportation {unknown}
 y - a scroll of holy word {unknown}
 z - a scroll of amnesia {unknown}
Potions
 d - a potion of might
 h - 2 potions of degeneration {unknown}
 i - a potion of heal wounds {unknown}
 j - a potion of magic {unknown}
 n - 2 potions of mutation {unknown}
 q - a potion of attraction {unknown}
 u - a potion of lignification {unknown}
 w - a potion of curing {unknown}

Dungeon Overview and Level Annotations

Branches:
Dungeon (5/15)             Temple (1/1) D:4

Altars:
Ashenzari
Cheibriados
Dithmenos
Elyvilon
Fedhas
Gozag
Hepliaklqana
Kikubaaqudgha
Makhleb
Nemelex Xobeh
Okawaru
Qazlal
Ru
Sif Muna
Trog
Uskayaw
Vehumet
Wu Jian
Xom
Yredelemnul
Zin

.....#..[#.#...#...z.#
......#.#...#.#......#
...#^..#.....#...#...#
....#..#.....#..#....#
.#...###....[###...#z#
..#..#..#...#..#..#..#
...###...#.#...###zz.#
..#...#...#...#...#..#
.#.....#..#..#..@..#.#
........#####..........#
.#.....#..#..#.....#.#....
..#...#...#...#...#..####..
...###...#.#...###.... .
..#.. ..#...#.. #..##
.#...###.....## #.# ....#..
..... .. ...# ..


You could see 3 wights.


Message History

Okawaru accepts your kill. 😨 HP[+1] 😨 HP[+1] 😨 HP[+1] 😨 HP[+1] 😨 HP[+1] 😨 HP[+1] 😨 HP[+1]
There is a stone staircase leading up here.
The iguana bites you!
* * * LOW HITPOINT WARNING * * *
You climb upwards.
There is a stone staircase leading down here. 😨 HP[-7]
You take 7 damage, and now have 19/56 hp.
You hit the iguana. You freeze the iguana. The iguana closely misses you.
You hit the iguana.
The iguana seems to slow down.
You freeze the iguana. You block the iguana's attack.
You closely miss the iguana. You headbutt the iguana!
You kill the iguana!
Okawaru accepts your kill.
You see here an iguana corpse.
You start resting. 😎 HP[+37]
Your hp is fully restored (56).
There is a stone staircase leading down here.
There is a stone staircase leading down here.
You climb downwards.
There is a stone staircase leading up here.
z - a scroll labelled WESINIGEID
n - 2 fizzy grey potions (gained 1)
A wight comes into view. It is wielding a +1 falchion.
A wight comes into view.
It is wielding a +5 spear. 2 wights come into view.
You hit the wight. You headbutt the wight. You block the wight's attack.
The wight hits you from afar with a +5 spear!
You feel drained. 😕 HP[-10]
You now have 54 max hp (-2).
You take 10 damage, and now have 46/54 hp.
You hit the wight. The wight hits you with a +1 falchion!
You feel drained. The wight closely misses you. 😮 HP[-11]
You now have 53 max hp (-1).
You take 11 damage, and now have 35/53 hp.
MASSIVE DAMAGE!! (PAUSE)
You gain the combat prowess of a mighty hero.
You block the wight's attack.
The wight hits you but does no damage. 😮 MP[-2]
You lost 2 mp, and now have 3/5 mp.
You hit the wight. Your headbutt misses the wight.
You block the wight's attack.
You slash the wight!
You headbutt the wight, but do no damage.
The wight hits you from afar with a +5 spear.
You block the wight's attack. 😮 HP[-2]
You take 2 damage, and now have 33/53 hp.
You hit the wight but do no damage. You headbutt the wight.
You destroy the wight!
Okawaru accepts your kill.
The wight hits you from afar with a +4 trident!
* * * LOW HITPOINT WARNING * * *
You feel drained.
* * * LOW HITPOINT WARNING * * *
Your base Axes skill increases to level 5! 😨 HP[-9]
You now have 54 max hp (+1).
You take 9 damage, and now have 24/54 hp.
The wight hits you with a +3 halberd.
* * * LOW HITPOINT WARNING * * *
The wight barely misses you.
The wight completely misses you. 😨 HP[-4]
You take 4 damage, and now have 20/54 hp.
You barely miss the wight. Your headbutt misses the wight.
The wight hits you with a +3 halberd.
* * * LOW HITPOINT WARNING * * *
The wight hits you from afar with a +5 spear!
* * * LOW HITPOINT WARNING * * *
You block the wight's attack. 😱 HP[-15]
You take 15 damage, and now have 5/54 hp.
MASSIVE DAMAGE!! (PAUSE)
You block the wight's attack.
You feel like a meek peon again. 😱 MP[+1] 😱 HP[+1] 😱 HP[+1] 😱 MP[+1]
Your mp is fully restored (5).
The wight hits you from afar with a +3 halberd.
* * * LOW HITPOINT WARNING * * *
You feel drained.
* * * LOW HITPOINT WARNING * * *
😱 HP[-3]
You now have 52 max hp (-2).
You take 3 damage, and now have 4/52 hp.
The wight hits you from afar with a +3 halberd.
You die...

Skill      XL: |  1  2  3  4  5  6 |
---------------+-------------------+-----
Armour         | 4 5 |  5.6
Shields        | 4 5 |  5.6
Axes           | 3 4 5 |  5.0
Fighting       | 4 5 |  5.7

Action                   |  1- 3 |  4- 6 || total
-------------------------+-------+-------++-------
Melee: War axe           |    84 |    91 ||   175
       Headbutt          |     9 |    25 ||    34
       Hand axe          |       |    53 ||    53
Invok: Heroism           |       |     1 ||     1
Armor: Scale mail        |    31 |    56 ||    87
Dodge: Dodged            |    32 |    70 ||   102
Block: Buckler           |    22 |    34 ||    56

Levels and vault maps discovered:
D:1:      dpeg_arrival_round_a, layout_rooms,
          shapermc_ecumenical_altar_mp_urbaneastern,
          amcnicky_mini_rare_corridor_liquid
D:2:      layout_basic, hangedman_decor_clover_reticule
D:3:      layout_rooms, grunt_ministairs_14
D:4:      layout_basic, temple_statues, uniq_robin
D:5:      layout_basic, serial_bayou_pond_b, minmay_splitting_lines
Temple:   compressed_dpeg_circular_temple

Notes
Turn   | Place    | Note
-------+----------+-------------------------------------------
     0 | D:1      | AmazingTV the Minotaur Fighter began the quest for the Orb.
     0 | D:1      | Reached XP level 1. HP: 19/19 MP: 0/0
     0 | D:1      | magus.rc [v1.9.6]
   142 | D:1      | Reached XP level 2. HP: 27/27 MP: 1/1
   339 | D:1      | Reached skill level 4 in Armour
   339 | D:1      | Reached skill level 4 in Shields
   503 | D:1      | Reached skill level 3 in Axes
   505 | D:1      | Found a faded altar of an unknown god.
   677 | D:2      | Reached skill level 4 in Fighting
   823 | D:2      | Reached XP level 3. HP: 29/33 MP: 2/2
   867 | D:2      | You pick up a book of Frost and begin reading...
   867 | D:2      | You add the spells Freeze, Frozen Ramparts and Hailstorm to
                  | your library.
  1163 | D:2      | Reached XP level 4. HP: 39/41 MP: 3/3
  1309 | D:2      | You pick up a book of Lightning and begin reading...
  1309 | D:2      | You add the spells Static Discharge, Lightning Bolt and
                  | Maxwell's Capacitive Coupling to your library.
  2089 | D:3      | Reached XP level 5. HP: 45/47 MP: 4/4
  2729 | D:4      | Found a staircase to the Ecumenical Temple.
  2735 | D:4      | Noticed Robin
  2745 | D:4      | Killed Robin
  2752 | D:4      | Reached skill level 4 in Axes
  2785 | Temple   | Entered the Ecumenical Temple
  2799 | Temple   | Became a worshipper of Warmaster Okawaru
  2937 | D:4      | Reached skill level 5 in Fighting
  2940 | D:4      | Reached skill level 5 in Armour
  2946 | D:4      | Reached skill level 5 in Shields
  3289 | D:4      | Reached XP level 6. HP: 54/56 MP: 5/5
  3450 | D:4      | You pick up a book of Necromancy and begin reading...
  3450 | D:4      | You add the spells Pain and Vampiric Draining to your
                  | library.
  3544 | D:4      | Reached * piety under Okawaru
  3858 | D:5      | Entered Level 5 of the Dungeon
  3894 | D:5      | You add the spells Conjure Flame, Ignite Poison and Sticky
                  | Flame to your library.
  4255 | D:5      | Reached skill level 5 in Axes
  4259 | D:5      | HP: 5/54 [wight (12)]
  4274 | D:5      | HP: 5/54 [wight (2)]
  4275 | D:5      | Slain by a wight

Vanquished Creatures
  A wight (D:5)
  3 hounds
  A jelly (D:4)
  A bullfrog skeleton (D:5)
  2 iguanas
  2 hound skeletons
  Robin (D:4)
  6 adders
  7 gnolls (D:4)
  An adder skeleton (D:2)
  A worm (D:3)
  2 dart slugs
  8 orcs
  8 ball pythons
  10 endoplasms
  A giant cockroach (D:1)
  14 goblins
  7 hobgoblins
  3 jackals (D:4)
  5 kobolds
  4 quokkas
  6 bats
  6 frilled lizards
  A rat (D:3)
101 creatures vanquished.

Vanquished Creatures (others)
  A fungus (D:1)
  A plant (D:5)
2 creatures vanquished.

Grand Total: 103 creatures vanquished

Table legend:
 A = Non-vault XP
 B = Vault XP
 C = Vault XP percentage of total XP
 D = Non-vault monster count
 E = Vault monster count
 F = Vault count percentage of total count
                 A         B        C        D         E       F
            +---------+---------+-------+---------+---------+-------
      Total |     625 |      99 |  13.7 |      86 |      15 |  14.9
            +---------+---------+-------+---------+---------+-------
        D:1 |      35 |       0 |   0.0 |      20 |       0 |   0.0
        D:2 |     103 |       0 |   0.0 |      21 |       0 |   0.0
        D:3 |      85 |       6 |   6.6 |      20 |       2 |   9.1
        D:4 |     298 |      35 |  10.5 |      23 |      11 |  32.4
        D:5 |     104 |      58 |  35.8 |       2 |       2 |  50.0
            +---------+---------+-------+---------+---------+-------

Illustrated notes

Table legend:
 A = Kills in this place as a percentage of kills in entire the game.
 B = Kills by you in this place as a percentage of kills by you in the entire game.
 C = Kills by friends in this place as a percentage of kills by friends in the entire game.
 D = Other kills in this place as a percentage of other kills in the entire game.
 E = Experience gained in this place as a percentage of experience gained in the entire game.
 F = Experience gained in this place divided by the number of levels of this place that you have seen.
                   A       B       C       D       E      F
               +-------+-------+-------+-------+-------+----------------------
         Total | 100.0 | 100.0 |   N/A |   N/A | 100.0 | 120.7
       Dungeon | 100.0 | 100.0 |   N/A |   N/A | 100.0 | 144.8
               +-------+-------+-------+-------+-------+----------------------

Table legend: (Time is in decaauts)
 A = Elapsed time spent in this place.
 B = Non-inter-level travel time spent in this place.
 C = Inter-level travel time spent in this place.
 D = Time resting spent in this place.
 E = Time spent auto-exploring this place.
 F = Levels seen in this place.
 G = Mean time per level.
                   A        B        C        D        E       F      G
               +--------+--------+--------+--------+--------+-----+--------+
         Total |   4345 |   4101 |    244 |    568 |   2864 |   6 |  724.2 |
       Dungeon |   4240 |   4020 |    220 |    568 |   2801 |   5 |  848.0 |
        Temple |    104 |     80 |     24 |      0 |     63 |   1 |  104.0 |
               +--------+--------+--------+--------+--------+-----+--------+

Top non-repeatable levels by time:
     D:4: 1360 daAuts
     D:2: 1263 daAuts
     D:3: 749 daAuts
     D:1: 687 daAuts
     D:5: 180 daAuts
  Temple: 104 daAuts
